Map: Abyssal Reef LE

Players

Winthrowe

  • Race: Protoss Protoss
  • League: Silver
  • Spawn Location: 5:00

ThickAzzThor - Winner!

  • Race: Terran Terran
  • League: Silver
  • Spawn Location: 11:00

VOD

Have the link to the VOD?

Description

Time

  • Played on: Sept. 3, 2017, 2:45 p.m.
  • Length: 9:48
Show
View Real Time Build Order
Export as new Build Order

Winthrowe Protoss 

Build Orders:  

Get SALT Encoding   

  12  0:02  Probe (Chrono Boost)  
  13  0:12  Probe (Chrono Boost)  
  14  0:18  Pylon  
  14  0:23  Probe (Chrono Boost)  
  15  0:36  Probe (Chrono Boost)  
  16  0:42  Gateway  
  16  0:44  Assimilator  
  16  0:47  Probe (Chrono Boost)  
  17  0:58  Probe (Chrono Boost)  
  18  1:07  Pylon  
  18  1:23  Probe (Chrono Boost)  
  19  1:34  Probe (Chrono Boost)  
  19  1:37  Cybernetics Core  
  20  1:45  Forge  
  20  1:48  Assimilator, Probe (Chrono Boost)  
  21  1:58  Probe (Chrono Boost)  
  22  2:09  Probe (Chrono Boost)  
  23  2:19  Probe (Chrono Boost)  
  24  2:28  Pylon  
  24  2:29  Warp Gate (Chrono Boost)  
  25  2:30  Probe (Chrono Boost)  
  25  2:40  Probe (Chrono Boost)  
  25  2:43  Robotics Facility  
  26  2:47  Gateway  
  26  2:52  Gateway  
  27  3:00  Mothership Core  
  28  3:07  Protoss Ground Weapons Level 1 (Chrono Boost)  
  28  3:22  Probe  
  29  3:34  Probe  
  30  3:46  Probe  
  30  3:47  Observer  
  32  3:58  Probe  
  33  4:07  Nexus  
  33  4:08  Immortal  
  37  4:10  Probe  
  38  4:19  Pylon  
  38  4:22  Probe  
  38  4:23  Pylon  
  39  4:26  Pylon  
  39  4:30  Assimilator  
  39  4:32  Assimilator  
  39  4:37  Probe  
  40  4:49  Probe  
  41  5:01  Protoss Ground Armor Level 1 (Chrono Boost)  
  41  5:02  Twilight Council, Probe  
  42  5:14  Probe  
  43  5:18  Observer  
  44  5:28  Probe  
  44  5:30  Probe  
  46  5:39  Warp Prism  
  46  5:42  Probe  
  49  5:45  Charge  
  49  6:07  Stalker x2, Nexus  
  49  6:09  Stalker  
  55  6:15  Immortal  
  59  6:40  Protoss Shields Level 1 (Chrono Boost)  
  59  6:45  Robotics Facility  
  59  6:54  Immortal  
  59  6:58  Probe  
  59  6:59  Probe  
  65  7:08  Probe  
  65  7:11  Probe  
  67  7:19  Probe  
  68  7:23  Probe  
  68  7:29  Probe  
  69  7:33  Immortal (Chrono Boost)  
  69  7:35  Probe  
  75  7:40  Probe  
  76  7:47  Probe  
  57  8:09  Immortal (Chrono Boost)  
  57  8:10  Warp Prism (Chrono Boost)  
  39  8:27  Probe  
  39  8:31  Zealot x2  
  39  8:32  Zealot  
  46  8:39  Probe  
  45  8:52  Mothership Core  
  43  9:01  Zealot x3  
Show
View Real Time Build Order
Export as new Build Order

ThickAzzThor Terran - Winner!

Build Orders:  

Get SALT Encoding   

  12  0:02  SCV  
  14  0:14  SCV  
  14  0:26  SCV  
  15  0:35  Supply Depot  
  15  0:39  Refinery  
  15  1:03  Barracks  
  15  1:09  Barracks  
  15  1:14  SCV  
  16  1:26  SCV  
  17  1:38  SCV  
  18  1:42  Refinery  
  18  1:48  Supply Depot  
  18  1:50  SCV  
  18  1:52  Reaper  
  20  1:58  Reaper  
  21  2:02  SCV  
  22  2:10  Supply Depot  
  22  2:24  Reaper  
  23  2:30  Reaper  
  24  2:59  Command Center  
  24  3:00  SCV  
  25  3:12  SCV  
  26  3:15  Factory  
  24  3:41  Marine  
  24  3:42  Marine  
  24  3:45  SCV  
  27  3:57  SCV  
  27  3:59  Marine x2  
  27  4:01  Factory Tech Lab  
  30  4:09  SCV  
  31  4:10  Factory  
  31  4:17  Marine x2, SCV  
  31  4:21  SCV  
  35  4:29  SCV  
  36  4:32  Siege Tank  
  36  4:35  Marine x2  
  41  4:43  Orbital Command  
  41  4:53  Marine x2  
  41  4:55  Factory Reactor  
  43  5:02  SCV  
  44  5:09  Cyclone  
  44  5:14  SCV  
  48  5:15  Supply Depot  
  48  5:19  Supply Depot  
  48  5:28  Marine x2  
  50  5:40  Cyclone  
  50  5:42  Cyclone  
  56  5:46  Marine x2  
  56  5:48  Cyclone  
  61  5:55  SCV x2  
  63  6:06  Engineering Bay  
  63  6:07  SCV  
  64  6:20  Siege Tank  
  64  6:22  Cyclone  
  70  6:34  Marine x2, Cyclone  
  75  6:52  Cyclone  
  75  6:53  Barracks x2  
  78  7:28  Marine x2  
  78  7:29  Siege Tank  
  83  7:31  Cyclone  
  78  7:46  Marine x2  
  68  8:01  Siege Tank  
  68  8:03  Marine  
  68  8:04  Marine  
  73  8:21  Marine  
  73  8:24  Marine x2  
  73  8:25  Marine  
  73  8:26  Cyclone  
  73  8:27  Cyclone  
  83  8:33  Siege Tank  
  86  8:41  Marine  
  86  8:42  Marine  
  86  8:44  Marine  
  86  8:50  Marine  
  86  9:06  Marine x3  
  86  9:08  Marine  
Tags
 
Add a new tag
Caveats
  • Supply blocks, unpowered buildings, or Contaminate may cause inaccurate times.
  • Supply counts are checked every 10 seconds.